 Dungeon Crawl Stone Soup version 0.27.0-1-g7a089689b8 (webtiles) character file.

Game seed: 5877162315946822495

510 ZARRMARR the Conjurer (level 7, -4/38 HPs)
             Began as a Kobold Conjurer on Aug 14, 2021.
             Was a Follower of Dithmenos.
             Killed from afar by an orc wizard (8 damage)
             ... with a magic dart
             ... on level 4 of the Dungeon.
             The game lasted 00:27:13 (3883 turns).

ZARRMARR the Conjurer (Kobold Conjurer)             Turns: 3883, Time: 00:27:13

Health: -4/38      AC:  2    Str:  4    XL:     7   Next: 42%
Magic:  20/21      EV: 15    Int: 28    God:    Dithmenos [*.....]
Gold:   108        SH:  0    Dex: 13    Spells: 9/13 levels left

rFire    . . .     SeeInvis .   c - +0 short sword
rCold    . . .     Faith    .   (shield restricted)
rNeg     . . .     Spirit   .   a - +0 robe
rPois    .         Reflect  .   (no helmet)
rElec    .         Harm     .   (no cloak)
rCorr    .         Rampage  .   (no gloves)
Will     .....     Rnd*Rage +   (no boots)
Stlth    ++++......             d - amulet of regeneration
HPRegen  1.12/turn              e - +6 ring of intelligence
MPRegen  0.17/turn              b - ring of magical power

@: wreathed by umbra
A: small, no large weapons, nightstalker 3, berserk 1
a: Renounce Religion


You were on level 4 of the Dungeon.
You worshipped Dithmenos.
Dithmenos was aware of your devotion.
You visited 1 branch of the dungeon, and saw 4 of its levels.

You collected 108 gold pieces.

Inventory:

Hand Weapons
 c - a +0 short sword (weapon)
 g - a +2 flail of holy wrath
 h - a +2 vampiric war axe
 l - a +2 dagger of venom
Armour
 a - a +0 robe (worn)
Jewellery
 b - a ring of magical power (right hand)
 d - an amulet of regeneration (around neck)
 e - a +6 ring of intelligence (left hand)
Scrolls
 f - 2 scrolls of identify
 k - a scroll of holy word {unknown}
 m - a scroll of magic mapping {unknown}


   Skills:
 + Level 1.3 Fighting
 + Level 3.5 Short Blades
 + Level 3.2 Dodging
 + Level 5.1 Stealth
 + Level 3.7 Spellcasting
 + Level 5.3 Conjurations
 * Level 2.4 Hexes


You had 9 spell levels left.
You knew the following spells:

 Your Spells              Type           Power      Damage    Failure   Level
a - Magic Dart            Conj           100%       1d8       1%          1
b - Dazzling Flash        Conj/Hex       54%        N/A       4%          3

Your spell library contained the following spells:

 Spells                   Type           Power      Damage    Failure   Level
 Searing Ray              Conj           68%        3d5       1%          2
 Fulminant Prism          Conj/Hex       13%        3d9       16%         4
 Iskenderun's Mystic Bla  Conj/Tloc      20%        2d6       26%         4
 Lightning Bolt           Conj/Air       10%        1d23      56%         5
 Airstrike                Air            2%         N/A       58%         4
 Summon Lightning Spire   Summ/Air       5%         N/A       58%         4
 Storm Form               Tmut/Air       2%         N/A       100%        7
 Maxwell's Capacitive Co  Air            2%         ∞         100%        8


Dungeon Overview and Level Annotations

Branches:
Dungeon (4/15)
 Temple: D:4-7

Altars:
Dithmenos
Trog
Vehumet
The Shining One

Shops:
D:3 :


Innate Abilities, Weirdness & Mutations

You are small and have problems with some larger weapons.
You are completely attuned to the shadows.
You tend to lose your temper in combat.


Message History

The orc wizard points at you and mumbles some strange words.
You are confused.
You closely miss the orc wizard.
The orc wizard is almost dead.
The orc wizard hits you with a +0 dagger.
* * * LOW HITPOINT WARNING * * *
You miss the orc wizard.
The orc wizard is almost dead.
You hit the orc wizard but do no damage.
The orc wizard is almost dead.
The orc wizard closely misses you.
You're too confused to move!
The orc wizard casts a spell at you. The magic dart hits you!
* * * LOW HITPOINT WARNING * * *
You bump into the rock wall.
The orc wizard is no longer blind.
The orc wizard misses you.
You're too confused to cast spells.
Unknown command.
You bump into the rock wall.
The orc wizard closely misses you.
You bump into the rock wall.
You feel less confused. The orc wizard misses you.
It was a potion of mutation.
You feel extremely strange.
You feel a little pissed off.
The orc wizard hits you with a +0 dagger.
* * * LOW HITPOINT WARNING * * *
It was a potion of cancellation.
You feel magically purged.
The orc wizard gestures wildly while chanting.
The orc wizard flickers and vanishes!
Deactivating autopickup; reactivate with Ctrl-A.
Unknown command.
You miss something.
You hear some strange, mumbled words.
A magic dart appears from out of thin air!
The magic dart hits you!
* * * LOW HITPOINT WARNING * * *
A magic dart appears from out of thin air!
The magic dart hits you!
You die...

########### #.........#
#......##.#
#...##.##.##########
#####..##.............##
.......#####.#######...####
#####..#####.#.......#....#
#.ooo{.@.#.#####...##.#
#..#######.# ##.###.# #..#
#.# #.# #.# #o.#######.#
#.# #.# #.o........# ###.#
#.# #####..# #...# #.#
#..####.### #.# #.....#.#
#.# ##.##.#.#####.#


You could see 2 orcs.

Vanquished Creatures
  Sigmund (D:2)
  A water moccasin skeleton (D:4)
  A crimson imp (D:3)
  An orc priest (D:3)
  Jessica (D:2)
  An iguana (D:4)
  An orc wizard (D:3)
  Natasha (thrice) (D:2)
  3 adders
  An ufetubus (D:4)
  An adder skeleton (D:4)
  2 dart slugs (D:3)
  5 orcs
  5 endoplasms
  3 giant cockroaches
  5 goblins
  2 hobgoblins
  3 jackals (D:3)
  2 quokkas (D:2)
  2 ball pythons
  4 bats
  A frilled lizard (D:2)
  2 goblin zombies (D:3)
  A hobgoblin zombie (D:3)
  5 kobolds
  A kobold skeleton (D:3)
  A kobold zombie (D:3)
  An orc skeleton (D:3)
  A rat (D:2)
61 creatures vanquished.

Notes
Turn   | Place    | Note
-------+----------+-------------------------------------------
     0 | D:1      | ZARRMARR the Kobold Conjurer began the quest for the Orb.
     0 | D:1      | Reached XP level 1. HP: 10/10 MP: 3/3
   431 | D:1      | Found a faded altar of an unknown god.
   584 | D:1      | Reached XP level 2. HP: 9/15 MP: 5/5
  1011 | D:2      | Reached XP level 3. HP: 17/19 MP: 2/7
  1105 | D:2      | Found a shadowy altar of Dithmenos.
  1110 | D:2      | Became a worshipper of Dithmenos the Shadowed
  1129 | D:2      | Learned a level 3 spell: Dazzling Flash
  1137 | D:2      | Noticed Natasha
  1143 | D:2      | Killed Natasha
  1285 | D:2      | Noticed Natasha
  1411 | D:2      | Noticed Jessica
  1420 | D:2      | Killed Jessica
  1421 | D:2      | Reached XP level 4. HP: 24/24 MP: 1/8
  1530 | D:3      | Found Cashungu's Book Shoppe.
  1743 | D:3      | Found a glowing golden altar of the Shining One.
  1766 | D:3      | Reached XP level 5. HP: 28/28 MP: 2/9
  1769 | D:3      | Reached skill level 1 in Hexes
  1855 | D:3      | Reached skill level 1 in Short Blades
  2174 | D:3      | Found a bloodstained altar of Trog.
  2256 | D:3      | Reached * piety under Dithmenos
  2328 | D:3      | Reached skill level 5 in Conjurations
  2466 | D:3      | Reached XP level 6. HP: 24/33 MP: 10/10
  2979 | D:2      | Noticed Sigmund
  2989 | D:2      | Killed Sigmund
  2990 | D:2      | Reached skill level 1 in Fighting
  3261 | D:2      | Killed Natasha
  3262 | D:2      | Reached XP level 7. HP: 33/38 MP: 12/12
  3341 | D:2      | Noticed Natasha
  3352 | D:2      | Killed Natasha
  3628 | D:4      | Reached skill level 5 in Stealth
  3673 | D:4      | Found a radiant altar of Vehumet.
  3880 | D:4      | Gained mutation: You tend to lose your temper in combat.
                  | [potion of mutation]
  3883 | D:4      | Killed from afar by an orc wizard

Illustrated notes

Levels and vault maps discovered:
D:1:      lemuel_arrival_rhombus, layout_basic, shapermc_ecumenical_altar_venn,
          serial_bayou, serial_bayou_pond_a, serial_bayou_pond_e,
          serial_bayou_pond_c, serial_bayou_pond_e
D:2:      layout_loops_ring, basic_altar, uniq_sigmund, uniq_jessica,
          uniq_natasha
D:3:      layout_basic, nicolae_tso_besieged_by_evil,
          lemuel_coloured_pillars_altar, serial_shops, nicolae_shop_trees
D:4:      layout_loops_ring, nicolae_vehumet_altar_sigil,
          nicolae_wu_jian_wuxing_cycle,
          mainiacjoe_overflow_concentric_impassable

Skill      XL: |  1  2  3  4  5  6  7 |
---------------+----------------------+-----
Stealth        | 3 4 5 |  5.1
Spellcasting   | 3 |  3.7
Hexes          | 1 2 |  2.4
Short Blades   | 1 2 3 |  3.5
Conjurations   | 5 |  5.3
Fighting       | 1 |  1.3
Dodging        | 3 |  3.2

Action                   |  1- 3 |  4- 6 |  7- 9 || total
-------------------------+-------+-------+-------++-------
Melee: Short sword       |    23 |   108 |    93 ||   224
 Cast: Magic Dart        |    26 |    34 |     6 ||    66
       Dazzling Flash    |     2 |     8 |     6 ||    16
  Use: Scroll            |     3 |       |       ||     3
       Potion            |     2 |       |     2 ||     4
 Stab: Sleeping          |     5 |     5 |     7 ||    17
       Invisible         |       |     4 |     2 ||     6
       Distracted        |       |     1 |       ||     1
Armor: Robe              |     2 |    11 |     9 ||    22
Dodge: Dodged            |    15 |    74 |    38 ||   127
